 Dungeon Crawl Stone Soup version 0.30-a0-389-g8d7d949f56 (webtiles) character file.

Game seed: 3272264731706125833

34 experimilk the Conjurer (level 3, -3/26 HPs)
             Began as a Draconian Conjurer on Dec 3, 2022.
             Killed by nerve-wracking pain
             ... invoked by an orc priest
              (6 damage)
             ... on level 2 of the Dungeon.
             The game lasted 00:02:24 (1531 turns).

experimilk the Conjurer (Draconian Conjurer)        Turns: 1531, Time: 00:02:25

Health: -3/26      AC:  6    Str:  9    XL:     3   Next: 14%
Magic:  2/6        EV: 12    Int: 20    God:
Gold:   93         SH:  0    Dex:  9    Spells: 3/6 levels left

rFire   . . .      SeeInvis .    i - +2 short sword (protect)
rCold   . . .      Faith    .    (no shield)
rNeg    . . .      Spirit   .    (body armour unavailable)
rPois   .          Reflect  .    (helmet restricted)
rElec   .          Harm     .    (no cloak)
rCorr   .          Rampage  .    f - +0 pair of gloves
Will    .....                    (no boots)
Stlth   ++........               (no amulet)
HPRegen 0.24/turn                (no ring)
MPRegen 0.10/turn                (no ring)

@: no status effects
A: AC +5, unfitting armour, cold-blooded
a: no special abilities


You were on level 2 of the Dungeon.
You visited 1 branch of the dungeon, and saw 2 of its levels.

You collected 138 gold pieces.
You spent 45 gold pieces at shops.

Inventory:

Hand Weapons
 i - a +2 short sword of protection (weapon)
Armour
 f - a +0 pair of gloves (worn)
Scrolls
 b - a scroll of noise {unknown}
 j - a scroll of amnesia {unknown}
 k - a scroll of silence {unknown}
Potions
 c - a potion of haste {unknown}
 d - 2 potions of invisibility {unknown}
 e - a potion of resistance {unknown}
 g - 2 potions of lignification {unknown}
 h - a potion of curing {unknown}


   Skills:
 - Level 1.7 Dodging
 - Level 1.7 Stealth
 - Level 2.0 Spellcasting
 + Level 5.1 Conjurations


You had 3 spell levels left.
You knew the following spells:

 Your Spells              Type           Power      Damage    Failure   Level
a - Magic Dart            Conj           88%        1d7       1%          1
z - Searing Ray           Conj           44%        2d6       3%          2

Your spell library contained the following spells:

 Spells                   Type           Power      Damage    Failure   Level
 Dazzling Flash           Conj/Hex       24%        N/A       17%         3
 Fulminant Prism          Conj/Hex       6%         3d7       50%         4
 Iskenderun's Mystic Bla  Conj/Tloc      12%        2d5       50%         4


Dungeon Overview and Level Annotations

Branches:
Dungeon (2/15)

Altars:

Shops:
D:1 [


Innate Abilities, Weirdness & Mutations

Your plain brown scales are hard. (AC +5)
You cannot fit into any form of body armour.
You are cold-blooded and may be slowed by cold attacks.


Message History

The searing ray misses the orc priest.
The orc priest mumbles some strange prayers to Beogh against you.
Pain shoots through your body!
The searing ray hits the orc priest but does no damage.
The orc priest is moderately wounded.
Without enough magic to sustain it, your searing ray dissipates.
The ball python bites you but does no damage.
The ball python closely misses you. Magic courses through your body.
The ball python closely misses you. x2
A hobgoblin comes into view.
The ball python bites you but does no damage.
The ball python grabs you. The ball python constricts you.
The orc wizard mumbles some strange words.
The orc wizard flickers and vanishes!
Deactivating autopickup; reactivate with Ctrl-A.
Casting: Searing Ray (safe; 3% risk of failure)
Confirm with . or Enter, or press ? or * to list all spells.
Aiming: Searing Ray (safe; 3% risk of failure)
Press: ? - help, Shift-Dir - straight line, p - orc priest The searing ray hits the ball python!
You kill the ball python!
The searing ray hits the orc priest but does no damage.
The orc priest is moderately wounded. (Press . to maintain the ray.)
A dart slug comes into view.
The orc priest calls down the wrath of Beogh upon you.
Pain shoots through your body!
Ouch! That really hurt!
* * * LOW HITPOINT WARNING * * *
Unknown command.
The searing ray hits the orc priest.
The orc priest is heavily wounded.
Unknown command.
The searing ray hits the orc priest.
The orc priest is heavily wounded.
The searing ray hits the orc.
The orc is severely wounded.
The orc priest calls down the wrath of Beogh upon you.
Pain shoots through your body!
You die...

#.# #.### #.#
#...# #.#
###.# #.# #.#
### #.# ...#
#.# .....
#.#####......
#....@ooo....
#######{.....
.w... g...
... #.


You could see an orc priest, a dart slug, 2 orcs and a hobgoblin.

Vanquished Creatures
  2 dart slugs (D:1)
  2 ball pythons
  4 endoplasms (D:1)
  A giant cockroach (D:1)
  2 goblins
  4 hobgoblins
  2 quokkas
  5 bats
  A frilled lizard (D:1)
  A kobold (D:1)
  2 rats (D:2)
26 creatures vanquished.

Notes
Turn   | Place    | Note
-------+----------+-------------------------------------------
     0 | D:1      | experimilk the Draconian Conjurer began the quest for the
                  | Orb.
     0 | D:1      | Reached XP level 1. HP: 14/14 MP: 3/3
   194 | D:1      | Reached XP level 2. HP: 20/20 MP: 1/5
   197 | D:1      | Learned a level 2 spell: Searing Ray
   597 | D:1      | Found Powni's Armour Boutique.
   609 | D:1      | Bought a +0 pair of gloves for 45 gold pieces
  1095 | D:1      | Reached skill level 5 in Conjurations
  1220 | D:2      | Reached XP level 3. HP: 26/26 MP: 3/6
  1531 | D:2      | Killed from afar by an orc priest

Illustrated notes

Levels and vault maps discovered:
D:1:      nagdon_arrival_zigzag_paths, layout_loops_ring, serial_shops,
          shop_coins
D:2:      layout_loops_ring

Skill      XL: |  1  2 |
---------------+-------+-----
Conjurations   | 5 |  5.1
Dodging        | |  1.7
Stealth        | |  1.7
Spellcasting   | |  2.0

Action                   || total
-------------------------++-------
 Cast: Magic Dart        ||    48
       Searing Ray       ||     6
  Use: Potion            ||     1
Armor: Skin              ||     2
Dodge: Dodged            ||     6

Table legend: (Time is in decaauts)
 A = Elapsed time spent in this place.
 B = Non-inter-level travel time spent in this place.
 C = Inter-level travel time spent in this place.
 D = Time resting spent in this place.
 E = Time spent auto-exploring this place.
 F = Levels seen in this place.
 G = Mean time per level.
                   A        B        C        D        E       F      G
               +--------+--------+--------+--------+--------+-----+--------+
         Total |   1529 |   1494 |     35 |      0 |   1356 |   2 |  764.5 |
       Dungeon |   1529 |   1494 |     35 |      0 |   1356 |   2 |  764.5 |
               +--------+--------+--------+--------+--------+-----+--------+

Top non-repeatable levels by time:
     D:1: 1195 daAuts
     D:2: 333 daAuts
